 Dungeon Crawl Stone Soup version 0.21.0 (webtiles) character file.

23 Timinator the Insei (level 2, 0/22 HPs)
             Began as a Vampire Transmuter on Mar 11, 2018.
             Slain by an adder (1 damage)
             ... on level 2 of the Dungeon.
             The game lasted 00:08:37 (1295 turns).

Timinator the Insei (Vampire Transmuter)            Turns: 1295, Time: 00:08:38

Health: 0/22       AC:  2    Str:  7 (9)  XL:     2   Next: 75%
Magic:  4/5        EV: 18    Int: 14 (15) God:
Gold:   43         SH:  0    Dex: 18 (19) Spells: 4/5 levels left

rFire    . . .     SeeInvis +     - Unarmed
rCold    . . .     Gourm    .   (no shield)
rNeg     + . .     Faith    .   b - +0 robe
rPois    .         Spirit   .   (no helmet)
rElec    .         Reflect  .   (no cloak)
rCorr    .         Harm     .   (no gloves)
MR       .....                  (no boots)
Stlth    +++.......             (no amulet)
HPRegen  0.07/turn              (no ring)
MPRegen  0.09/turn              (no ring)

@: agile, lethally poisoned (0 -> -4), appendage (expiring), flying
A: fangs 3, horns 2, see invisible, unbreathing
a: End Transformation


You were on level 2 of the Dungeon.
You were not thirsty.
You had grown temporary horns.
You visited 1 branch of the dungeon, and saw 2 of its levels.

You collected 43 gold pieces.

Inventory:

Missiles
 a - 12 arrows
Armour
 b - a +0 robe (worn)
Scrolls
 e - a scroll of fear {unknown}
 f - a scroll of magic mapping {unknown}
 g - a scroll of teleportation {unknown}
 h - 2 scrolls of identify {unknown}
 j - a scroll of random uselessness {unknown}
 m - a scroll of fog {unknown}
 n - a scroll of amnesia {unknown}
Potions
 d - 5 potions of blood
Books
 c - a book of Changes

   Spells                             Type                      Level
   a - Beastly Appendage              Transmutation                1
   b - Sticks to Snakes               Transmutation                2
   c - Spider Form                    Transmutation/Poison         3
   d - Ice Form                       Ice/Transmutation            4
   e - Blade Hands                    Transmutation                5


   Skills:
 * Level 2.0 Fighting
 * Level 2.3 Dodging
 + Level 3.5 Unarmed Combat
 * Level 2.1 Spellcasting
 + Level 2.2 Transmutations


You had 4 spell levels left.
You knew the following spells:

 Your Spells              Type           Power        Failure   Level  Hunger
a - Beastly Appendage     Tmut           #.....       10%         1    ##.....


Dungeon Overview and Level Annotations

Branches:
Dungeon (2/15)

Altars:


Innate Abilities, Weirdness & Mutations

You have razor-sharp teeth.
You have supernaturally acute eyesight. (SInv)
You can survive without breathing.
You have a pair of horns on your head.


Message History

The adder closely misses you.
You hit the adder. Your headbutt misses the adder.
The adder is severely wounded.
* * * LOW HITPOINT WARNING * * *
You feel sick. The adder closely misses you. The adder bites you.
* * * LOW HITPOINT WARNING * * *
You barely miss the adder.
The adder is severely wounded.
The adder closely misses you.
You barely miss the adder.
The adder is severely wounded.
* * * LOW HITPOINT WARNING * * *
You feel sick. The adder completely misses you.
You completely miss the adder. You bite the adder.
The adder is almost dead.
The adder barely misses you.
You miss the adder.
The adder is almost dead.
The adder bites you.
You die...

....... .......
.......
.......#######
.............
...........###
.............#
#.....@S..#####
#....<...........#
.....######.###.#.#
..................
#...#......###.#..
#...#......# #
#...#[.....#
#.#...#......#
####.#..........+


You could see an adder.

Vanquished Creatures
  A dart slug (D:1)
  2 leopard geckos (D:1)
  2 bats (D:1)
  A giant cockroach (D:1)
  3 hobgoblins (D:1)
  2 kobolds (D:1)
  2 frilled lizards (D:1)
  7 rats (D:1)
20 creatures vanquished.

Notes
Turn   | Place    | Note
-------+----------+-------------------------------------------
     0 | D:1      | Timinator the Vampire Transmuter began the quest for the Orb.
     0 | D:1      | Reached XP level 1. HP: 14/14 MP: 3/3
     0 | D:1      | Noticed a merfolk zombie
     2 | D:1      | Noticed a merfolk zombie
    47 | D:1      | Reached skill level 1 in Fighting
   377 | D:1      | Reached XP level 2. HP: 22/22 MP: 5/5
  1293 | D:2      | HP: 1/22 [poisoned by an adder]
  1295 | D:2      | Slain by an adder

Skill      XL: |  1  2 |
---------------+-------+-----
Fighting       | 1 2 |  2.0
Dodging        | |  2.3
Unarmed Combat | |  3.5
Spellcasting   | |  2.1
Transmutations | |  2.2

Action                   || total
-------------------------++-------
Melee: Unarmed           ||    52
       Headbutt          ||     4
       Bite              ||     2
       Kick              ||     1
       Punch             ||     1
 Cast: Beastly Appendage ||     8
  Use: Potion            ||     4
 Stab: Sleeping          ||     1
  Eat: Corpse            ||     4
Armor: Robe              ||     4
Dodge: Dodged            ||    24
